 Dungeon Crawl Stone Soup version 0.19.4-12-gccf7e64 (webtiles) character file.

454 muscothym the Ducker (level 6, 0/62 HPs)
             Began as a Troll Fighter on Feb 26, 2017.
             Slain by a bullfrog zombie (1 damage)
             ... on level 5 of the Dungeon.
             The game lasted 00:12:08 (2302 turns).

muscothym the Ducker (Troll Fighter)                Turns: 2302, Time: 00:12:09

Health: 0/62       AC:  6    Str: 27    XL:     6   Next: 76%
Magic:  5/5        EV: 15    Int:  4    God:
Gold:   185        SH: 10    Dex: 14    Spells: 0 memorised, 5 levels left

rFire  . . .     SeeInvis .     a - +0 flail
rCold  . . .     Gourm    +     b - +1 robe
rNeg   . . .     Faith    .     c - +0 shield
rPois  .         Spirit   .     (helmet restricted)
rElec  .         Reflect  .     (no cloak)
rCorr  .         Harm     .     (gloves unavailable)
MR     .....                    (boots unavailable)
Stlth  ++........               (no amulet)
                                (no ring)
                                (no ring)

@: agile, lethally poisoned (0 -> 0)
A: unfitting armour, claws 3, fast metabolism 3, gourmand, regeneration 1,
shaggy fur 1, tough skin 2
a: no special abilities


You were on level 5 of the Dungeon.
You were not hungry.

You visited 2 branches of the dungeon, and saw 6 of its levels.

You collected 185 gold pieces.

Inventory:

Hand Weapons
 a - a +0 flail (weapon)
 h - a +0 club
 i - a +0 dagger
 n - a +0 blowgun
 o - a +0 hand axe
 z - a +0 flail
Missiles
 m - 15 poisoned needles
Armour
 b - a +1 robe (worn)
 c - a +0 shield (worn)
 g - a +0 leather armour
 l - a +0 robe
Wands
 y - a wand of confusion (23/48)
Scrolls
 e - a scroll of remove curse
 k - 6 scrolls of identify
 r - a scroll of enchant armour
 s - a scroll of fear {unknown}
 u - a scroll of fog {unknown}
 w - 3 scrolls of amnesia {unknown}
 x - a scroll of magic mapping {unknown}
Potions
 d - 3 potions of might
 t - a potion of haste {unknown}
Comestibles
 q - a meat ration


   Skills:
 + Level 3.6 Fighting
 + Level 3.5 Maces & Flails
 + Level 0.6 Throwing
 + Level 3.8 Dodging
 + Level 0.4 Stealth
 + Level 3.6 Shields


You had 5 spell levels left.
You didn't know any spells.

Dungeon Overview and Level Annotations

Branches:
Dungeon (5/15)             Temple (1/1) D:4

Altars:
Dithmenos
Elyvilon
Fedhas
Gozag
Kikubaaqudgha
Makhleb
Nemelex Xobeh
Okawaru
Qazlal
Ru
Trog
Uskayaw
Vehumet
Yredelemnul
Zin
The Shining One


Innate Abilities, Weirdness & Mutations

You are too large for most types of armour.
You have claws for hands.
Your metabolism is lightning-fast.
You like to eat raw meat.
Your natural rate of healing is unusually fast.
You are covered in fur. (AC +1)
You have very tough skin. (AC +2)


Message History

You block the centaur's attack. The bullfrog zombie hits you.
* * * LOW HITPOINT WARNING * * *
You block the howler monkey's attack.
You sock the howler monkey!
The howler monkey is heavily wounded.
You feel sick. The centaur barely misses you.
The bullfrog zombie closely misses you. The howler monkey barely misses you.
The centaur closely misses you. The bullfrog zombie barely misses you.
You block the howler monkey's attack.
You sock the howler monkey!
You kill the howler monkey!
You block the centaur's attack. You block the bullfrog zombie's attack.
The centaur hits you with an uncursed quarterstaff!
* * * LOW HITPOINT WARNING * * *
The bullfrog zombie hits you but does no damage.
You sock the bullfrog zombie!
The bullfrog zombie is almost destroyed.
You block the adder's attack. You block the centaur's attack.
The bullfrog zombie hits you.
You die...

#.. #.. ... #.#
..# #.# #S#
##########
#.####....((..#
#.##....Za#...#
#.##...cZ##...#
#.#...rS@##...'.
#.....(####...#...
#.###### #.c.##...
#.# #.$.# #.. #.#
#...# ## #.# #...#
#.# #.# #.#


You could see a centaur, a worker ant, an adder, a bullfrog zombie, a worker ant
zombie and a quokka.

Vanquished Creatures
  A phantom (D:4)
  2 howler monkeys (D:5)
  A bullfrog zombie (D:5)
  A hound (D:4)
  Jessica (D:2)
  3 worker ants
  Robin (D:2)
  A worker ant zombie (D:5)
  6 adders
  A worm (D:5)
  A dart slug (D:2)
  2 orcs
  2 ball pythons
  2 bats (D:2)
  3 giant cockroaches (D:1)
  11 goblins
  9 hobgoblins
  5 jackals
  A quokka (D:3)
  A frilled lizard (D:2)
  4 kobolds
  A quokka skeleton (D:5)
  A rat (D:3)
61 creatures vanquished.

Notes
Turn   | Place    | Note
-------+----------+-------------------------------------------
     0 | D:1      | muscothym the Troll Fighter began the quest for the Orb.
     0 | D:1      | Reached XP level 1. HP: 22/22 MP: 0/0
   138 | D:1      | Reached XP level 2. HP: 25/29 MP: 1/1
   390 | D:2      | Noticed Jessica
   395 | D:2      | Killed Jessica
   395 | D:2      | Reached XP level 3. HP: 36/36 MP: 2/2
   468 | D:2      | Noticed Robin
   494 | D:2      | Reached XP level 4. HP: 16/44 MP: 3/3
   504 | D:2      | Killed Robin
   990 | D:2      | Paralysed by fainting for 7 turns
   997 | D:2      | Paralysed by fainting for 7 turns
  1004 | D:2      | Paralysed by fainting for 5 turns
  1473 | D:3      | Paralysed by fainting for 10 turns
  1669 | D:4      | Reached XP level 5. HP: 48/53 MP: 4/4
  1705 | D:4      | Noticed a phantom
  1734 | D:4      | Killed a phantom
  1734 | D:4      | Reached XP level 6. HP: 46/61 MP: 5/5
  1858 | D:4      | Found a staircase to the Ecumenical Temple.
  1869 | Temple   | Entered the Ecumenical Temple
  1903 | Temple   | Paralysed by fainting for 9 turns
  1925 | Temple   | Paralysed by fainting for 9 turns
  2103 | D:5      | Entered Level 5 of the Dungeon
  2278 | D:5      | HP: 3/61 [centaur/arrow (16)]
  2283 | D:5      | HP: 2/61 [poisoned by a worker ant]
  2301 | D:5      | HP: 1/62 [centaur/uncursed quarterstaff (10)]
  2302 | D:5      | Slain by a bullfrog zombie

Skill      XL: |  1  2  3  4  5 |
---------------+----------------+-----
Maces & Flails | 2 3 |  3.5
Shields        | 3 |  3.6
Dodging        | 3 |  3.8
Fighting       | 3 |  3.6
Throwing       | |  0.6
Stealth        | |  0.4

Action                   |  1- 3 |  4- 6 || total
-------------------------+-------+-------++-------
Melee: Flail             |    69 |   181 ||   250
 Fire: Blowgun           |       |     5 ||     5
  Use: Potion            |     3 |     3 ||     6
       Scroll            |     1 |     3 ||     4
  Eat: Bread ration      |       |     3 ||     3
       Pizza             |       |     2 ||     2
       Fruit             |       |     3 ||     3
Armor: Robe              |    31 |   126 ||   157
Dodge: Dodged            |    20 |   153 ||   173
Block: Shield            |    44 |   147 ||   191
